 Dungeon Crawl Stone Soup version 0.28-a0-1213-g0243856f03 (webtiles) character file.

Game seed: 18141963222853538291

178 Gwenloh the Ruffian (level 5, -10/50 HPs)
             Began as a Troll Warper on Dec 21, 2021.
             Was an Initiate of Okawaru.
             Killed by nerve-wracking pain
             ... invoked by Menkaure
              (12 damage)
             ... on level 4 of the Dungeon.
             The game lasted 00:07:13 (2663 turns).

Gwenloh the Ruffian (Troll Warper)                  Turns: 2663, Time: 00:07:14

Health: -10/50     AC:  8    Str: 19    XL:     5   Next: 32%
Magic:  6/6        EV: 10    Int:  9    God:    Okawaru [......]
Gold:   117        SH:  0    Dex: 11    Spells: 2/7 levels left

rFire   . . .      SeeInvis .     - Unarmed
rCold   . . .      Faith    .   (no shield)
rNeg    . . .      Spirit   .   a - +0 robe
rPois   .          Reflect  .   j - +2 hat
rElec   .          Harm     .   m - +1 cloak
rCorr   .          Rampage  .   (gloves unavailable)
Will    .....                   (boots unavailable)
Stlth   +.........              (no amulet)
HPRegen 0.96/turn               (no ring)
MPRegen 0.10/turn               (no ring)

@: no status effects
A: large, unfitting armour, claws 3, regeneration 1, shaggy fur 1, tough skin 1
a: Renounce Religion


You were on level 4 of the Dungeon.
You worshipped Okawaru.
Okawaru was noncommittal.
You visited 1 branch of the dungeon, and saw 4 of its levels.

You collected 117 gold pieces.

Inventory:

Hand Weapons
 l - a +0 trident of protection
Missiles
 c - 2 boomerangs of dispersal
 e - 108 stones (quivered)
 i - a throwing net
Armour
 a - a +0 robe (worn)
 j - a +2 hat (worn)
 m - a +1 cloak (worn)
Scrolls
 b - 3 scrolls of blinking
 d - a scroll of immolation {unknown}
 h - a scroll of identify {unknown}
 n - a scroll of noise {unknown}
Potions
 f - a potion of haste {unknown}
 g - a potion of curing {unknown}
 k - a potion of heal wounds {unknown}


   Skills:
 + Level 2.4 Fighting
 - Level 0.8 Throwing
 - Level 1.9 Dodging
 + Level 3.8 Unarmed Combat
 + Level 1.9 Spellcasting
 + Level 2.8 Translocations
 + Level 0.0 Invocations


You had 2 spell levels left.
You knew the following spells:

 Your Spells              Type           Power      Damage    Failure   Level
a - Blink                 Tloc           10%        N/A       16%         2
b - Gell's Gravitas       Tloc           5%         N/A       32%         3

Your spell library contained the following spells:

 Spells                   Type           Power      Damage    Failure   Level
 Lesser Beckoning         Tloc           5%         N/A       32%         3
 Teleport Other           Tloc           5%         N/A       32%         3
 Manifold Assault         Tloc           5%         N/A       96%         5


Dungeon Overview and Level Annotations

Branches:
Dungeon (4/15)
 Temple: D:4-7

Altars:
Gozag
Okawaru
Sif Muna

Annotations:
D:3 3 runed translucent doors, sanka's ghost, amateur PaAK
D:4 Menkaure


Innate Abilities, Weirdness & Mutations

You are too large for most types of armour.
You have claws for hands.
Your natural rate of healing is unusually fast.
You are covered in fur. (AC +1)
You have tough skin. (AC +1)


Message History

Found 11 gold pieces.
Found a stone staircase leading up.
There is a stone staircase leading up here.
Menkaure says, "Why can't you leave me to my rest?"
You completely miss Menkaure. Menkaure hits you but does no damage.
You scratch Menkaure but do no damage. Menkaure barely misses you.
Menkaure closely misses you.
You barely miss Menkaure. Menkaure closely misses you.
You scratch Menkaure.
Menkaure is lightly damaged.
Menkaure hits you!!
You claw Menkaure!
Menkaure is severely damaged.
Menkaure hits you!
* * * LOW HITPOINT WARNING * * *
The endoplasm barely misses you.
You barely miss Menkaure.
Menkaure is severely damaged.
Menkaure hits you.
* * * LOW HITPOINT WARNING * * *
The endoplasm barely misses you.
You completely miss Menkaure.
Menkaure is severely damaged.
Menkaure barely misses you. The endoplasm freezes you.
You are frozen.
* * * LOW HITPOINT WARNING * * *
You barely miss Menkaure.
Menkaure is severely damaged.
Menkaure barely misses you. The endoplasm freezes you.
You are frozen.
* * * LOW HITPOINT WARNING * * *
You scratch Menkaure.
Menkaure is severely damaged.
Menkaure hits you!
* * * LOW HITPOINT WARNING * * *
The endoplasm closely misses you.
Menkaure points at you and mumbles some strange words.
Pain shoots through your body!
You die...

............#
...$..............
..................
#.......>.........
#.................
#...........<.....
##.................
###.##..M...........>...
.......@J......#.....#.?
....<###.####......... .
... .# # #.......# . ..
.....#... ###
......#####


You could see Menkaure (fast) and an endoplasm.

Vanquished Creatures
  An orc wizard (D:3)
  Terence (D:3)
  3 gnolls (D:2)
  4 adders
  2 dart slugs
  4 orcs (D:3)
  4 ball pythons
  2 bats
  5 endoplasms
  A giant cockroach (D:1)
  4 goblins
  5 hobgoblins
  2 jackals (D:1)
  3 quokkas (D:3)
  3 frilled lizards
  9 kobolds
  4 rats
57 creatures vanquished.

Notes
Turn   | Place    | Note
-------+----------+-------------------------------------------
     0 | D:1      | Gwenloh the Troll Warper began the quest for the Orb.
     0 | D:1      | Reached XP level 1. HP: 19/19 MP: 1/1
   216 | D:1      | Reached XP level 2. HP: 28/28 MP: 3/3
   219 | D:1      | Learned a level 2 spell: Blink
   689 | D:1      | Reached XP level 3. HP: 35/35 MP: 4/4
  1179 | D:2      | Reached skill level 3 in Unarmed Combat
  1278 | D:2      | Reached XP level 4. HP: 38/42 MP: 5/5
  1310 | D:2      | Learned a level 3 spell: Gell's Gravitas
  1445 | D:2      | Found a faded altar of an unknown god.
  1458 | D:2      | You fall into a shaft and drop 1 floor!
  1617 | D:3      | Found an iron altar of Okawaru.
  1693 | D:2      | Found a shimmering blue altar of Sif Muna.
  2172 | D:3      | Noticed Terence
  2182 | D:3      | Killed Terence
  2183 | D:3      | Reached XP level 5. HP: 43/50 MP: 6/6
  2226 | D:3      | Found an opulent altar of Gozag.
  2320 | D:3      | Found a runed translucent gate.
  2320 | D:3      | Found a runed translucent gate.
  2320 | D:3      | Found a runed translucent gate.
  2325 | D:3      | Noticed sanka's ghost (amateur PaAK)
  2540 | D:3      | Became a worshipper of Warmaster Okawaru
  2607 | D:4      | Noticed Menkaure
  2663 | D:4      | HP: 2/50 [Menkaure (10)]
  2663 | D:4      | Killed from afar by Menkaure

Illustrated notes

Levels and vault maps discovered:
D:1:      wander_arrival_estate, layout_basic
D:2:      layout_basic, hellmonk_ecumenical_altar_crossroads, basic_altar
D:3:      layout_basic, lemuel_tele_altar, okawaru_ov_weapons_minmay,
          gammafunk_ghost_necromancy, grunt_ministairs_13,
          minmay_misc_feat_ornament, uniq_terence
D:4:      layout_rooms, beargit_hepliaklqana_dungeon_heroes,
          ebering_ghost_reflecting_pool, uniq_menkaure, uniq_eustachio

Skill      XL: |  1  2  3 |
---------------+----------+-----
Fighting       | 2 |  2.4
Unarmed Combat | 3 |  3.8
Throwing       | |  0.8
Dodging        | |  1.9
Spellcasting   | |  1.9
Translocations | |  2.8

Action                   |  1- 3 |  4- 6 || total
-------------------------+-------+-------++-------
Melee: Unarmed           |    76 |    88 ||   164
Throw: Boomerang         |     3 |       ||     3
       Stone             |     1 |     5 ||     6
 Cast: Blink             |     1 |       ||     1
 Stab: Sleeping          |       |     1 ||     1
Armor: Robe              |    22 |    29 ||    51
Dodge: Dodged            |    29 |    38 ||    67

Table legend: (Time is in decaauts)
 A = Elapsed time spent in this place.
 B = Non-inter-level travel time spent in this place.
 C = Inter-level travel time spent in this place.
 D = Time resting spent in this place.
 E = Time spent auto-exploring this place.
 F = Levels seen in this place.
 G = Mean time per level.
                   A        B        C        D        E       F      G
               +--------+--------+--------+--------+--------+-----+--------+
         Total |   2655 |   2420 |    235 |      4 |   1827 |   4 |  663.8 |
       Dungeon |   2655 |   2420 |    235 |      4 |   1827 |   4 |  663.8 |
               +--------+--------+--------+--------+--------+-----+--------+

Top non-repeatable levels by time:
     D:2: 906 daAuts
     D:1: 897 daAuts
     D:3: 836 daAuts
     D:4: 14 daAuts
